Map: Ever Dream LE

Players

Future

  • Race: Terran Terran
  • Spawn Location: 1:00

TLHarstem (Harstem) - Winner!

  • Race: Protoss Protoss
  • League: Master
  • Spawn Location: 7:00

Event: StayAtHomestory Cup #2

VOD

Have the link to the VOD?

Description

Time

  • Played on: June 11, 2020, 1:40 p.m.
  • Length: 8:00

All games in this series

Show
View Real Time Build Order
Export as new Build Order

Future Terran 

Build Orders:  

Get SALT Encoding   

  12  0:00  SCV  
  13  0:12  SCV  
  14  0:17  Supply Depot  
  14  0:25  SCV  
  15  0:39  SCV, Barracks  
  16  0:44  Refinery  
  16  0:51  SCV  
  17  1:03  SCV  
  18  1:07  Engineering Bay  
  18  1:15  SCV  
  19  1:27  Orbital Command  
  19  1:30  Reaper  
  20  1:38  Supply Depot  
  20  1:52  SCV  
  21  2:02  Marine  
  21  2:04  SCV  
  23  2:08  Command Center  
  23  2:17  SCV, Bunker  
  23  2:21  Barracks Reactor  
  24  2:26  Refinery  
  24  2:29  SCV  
  25  2:35  Factory  
  25  2:41  SCV  
  26  2:59  SCV  
  26  3:00  Marine x2  
  29  3:11  SCV  
  30  3:18  Marine x2  
  31  3:26  SCV  
  32  3:28  Factory Tech Lab  
  32  3:30  Starport  
  32  3:36  Marine x2  
  32  3:39  SCV  
  32  3:40  Orbital Command  
  35  3:48  Siege Tank  
  35  3:51  SCV  
  35  3:54  Barracks  
  39  3:56  Supply Depot  
  38  4:03  SCV, Marine x2  
  38  4:06  SCV  
  42  4:15  SCV  
  43  4:18  SCV, Barracks  
  43  4:23  Siege Tank  
  47  4:27  SCV  
  47  4:30  Starport Tech Lab, SCV  
  49  4:34  Engineering Bay  
  49  4:38  Marine  
  50  4:39  SCV  
  50  4:40  Marine  
  50  4:43  SCV  
  50  4:45  Supply Depot  
  53  4:49  Refinery  
  53  4:51  SCV  
  54  4:55  SCV  
  54  4:56  Starport Reactor  
  54  4:59  Marine x2  
  57  5:01  Terran Infantry Weapons Level 1  
  57  5:03  SCV  
  57  5:04  Factory Reactor  
  57  5:05  Stimpack  
  59  5:07  SCV  
  59  5:10  Supply Depot  
  59  5:15  SCV  
  59  5:16  Combat Shield  
  59  5:17  Marine x2  
  59  5:18  Marine  
  59  5:19  SCV  
  59  5:21  Marine  
  64  5:25  Supply Depot  
  64  5:28  SCV  
  66  5:31  SCV  
  66  5:35  Marine x2  
  69  5:36  Marine  
  69  5:37  Medivac  
  69  5:38  Medivac  
  69  5:39  Marine  
  69  5:42  Widow Mine  
  77  5:46  Refinery  
  77  5:47  Widow Mine  
  77  5:48  Supply Depot  
  79  5:50  Supply Depot  
  79  5:53  SCV x2  
  81  5:58  Marauder x2  
  81  5:59  Marine  
  86  6:10  Marine  
  86  6:11  Supply Depot  
  87  6:12  Medivac x2  
  87  6:13  Supply Depot  
  87  6:17  Widow Mine x2  
  95  6:19  Marine  
  95  6:20  Marauder  
  95  6:22  Marauder  
  100  6:28  SCV x2  
  100  6:32  Marine  
  103  6:35  Supply Depot  
  103  6:43  Marine, Marauder x2  
  108  6:50  Marine  
  108  6:51  Medivac x2  
  108  6:53  Widow Mine x2  
  117  6:58  Supply Depot  
  115  7:01  Marine  
  115  7:04  Marine x2  
  116  7:13  Marine  
  106  7:19  Marine  
  101  7:23  Marine  
  101  7:28  Marine  
  86  7:30  Marine  
  86  7:37  Marine  
Show
View Real Time Build Order
Export as new Build Order

TLHarstem Protoss - Winner!

Build Orders: Chargelot Immortal 

Get SALT Encoding   

  12  0:00  Probe  
  13  0:12  Probe  
  14  0:17  Pylon  
  14  0:24  Probe  
  15  0:34  Probe  
  15  0:35  Gateway  
  15  0:42  Probe  
  16  0:48  Assimilator  
  17  0:52  Probe  
  18  1:04  Probe  
  19  1:16  Probe  
  20  1:22  Cybernetics Core  
  20  1:25  Zealot  
  22  1:26  Pylon  
  22  1:28  Probe  
  23  1:45  Probe  
  24  1:48  Adept  
  24  2:00  Warp Gate  
  26  2:01  Probe  
  27  2:11  Nexus  
  27  2:13  Pylon  
  27  2:14  Stalker  
  27  2:26  Probe  
  30  2:38  Probe, Assimilator  
  30  2:53  Probe  
  30  2:54  Stalker  
  33  3:03  Probe  
  32  3:11  Probe  
  32  3:12  Robotics Facility  
  32  3:19  Probe  
  33  3:23  Probe  
  35  3:29  Gateway  
  35  3:31  Probe  
  35  3:32  Probe  
  36  3:35  Gateway  
  36  3:36  Pylon  
  36  3:40  Probe  
  37  3:43  Probe  
  37  3:48  Sentry  
  41  3:49  Probe  
  42  3:56  Probe  
  42  3:58  Pylon  
  42  4:01  Probe, Phoenix  
  44  4:06  Observer  
  44  4:08  Probe  
  46  4:11  Stalker  
  46  4:13  Probe  
  49  4:20  Probe  
  49  4:23  Nexus  
  50  4:25  Probe  
  50  4:27  Observer, Pylon  
  50  4:29  Stalker  
  53  4:35  Observer, Stalker  
  53  4:36  Probe  
  57  4:38  Probe  
  57  4:44  Assimilator  
  58  4:47  Stalker  
  58  4:48  Probe  
  58  4:52  Probe  
  62  5:00  Probe  
  62  5:04  Forge, Probe  
  62  5:06  Twilight Council  
  64  5:12  Charge, Pylon  
  64  5:16  Probe  
  64  5:19  Observer  
  65  5:21  Protoss Ground Armor Level 1, Gateway  
  65  5:22  Probe  
  65  5:24  Immortal, Gateway  
  65  5:28  Probe, Gateway  
  71  5:36  Probe x2  
  73  5:44  Probe  
  73  5:48  Probe  
  75  5:50  Probe, Zealot  
  75  5:55  Zealot  
  75  5:56  Observer, Zealot  
  83  6:06  Immortal  
  83  6:07  Probe  
  83  6:08  Pylon  
  88  6:11  Sentry  
  89  6:18  Zealot x3  
  89  6:21  Zealot  
  89  6:23  Pylon  
  96  6:29  Shield Battery, Zealot  
  98  6:34  Probe  
  98  6:36  Templar Archives  
  98  6:39  Zealot x3  
  105  6:45  Zealot x2  
  109  6:48  Immortal  
  109  6:53  Zealot  
  111  6:56  Probe  
  111  6:58  Pylon  
  111  7:00  Pylon  
  114  7:12  Probe  
  114  7:13  Zealot x5  
  117  7:17  Shield Battery  
  117  7:18  Immortal  
  111  7:25  Zealot  
  91  7:38  Zealot x5  
  91  7:44  Probe  
  94  7:50  Zealot  
Tags
 
Add a new tag
Caveats
  • Supply blocks, unpowered buildings, or Contaminate may cause inaccurate times.
  • Supply counts are checked every 10 seconds.